AoeStats
← Le Duckling

Arena

509391709Analyzed
3v3 RM · 5d ago on Sep 26, 2026· 15m 59s· 6 players
Game mode
Random Map
Map size
Normal (6 player)
Population
200
Speed
Normal
Resources
Standard
Victory
Conquest
Starting age
Dark Age
Ending age
Imperial Age
RankedLock teamsTeams togetherTeam positionsShared explorationLock speedFull tech treeHidden civsTurbo modeCheats
Victory
Defeat
🇲🇽 Cumans · Mexico
1271
+13
🇲🇽 Varangians · Mexico
1268
+13
🇲🇽 Bulgarians · Mexico
1213
+15
🇿🇦 Burgundians · South Africa
1222
-14
🇨🇾 Italians · Cyprus
1212
-14
🇺🇸 Portuguese · United States
1183
-13
BittenDork
9:51 Feudal Age
13:59 Castle Age
12:09 Double-Bit Axe
13:13 Horse Collar
14:49 Bow Saw
fuita
2:56 Loom
11:40 Feudal Age
14:15 Wheelbarrow
13:47 Double-Bit Axe
16:39 Castle Age
15:28 Gold Mining
Le Duckling
6:21 Loom
10:29 Feudal Age
10:30 Wheelbarrow
9:59 Horse Collar
10:06 Double-Bit Axe
11:24 Bow Saw
11:51 Heavy Plow
Rata Preñadora
9:38 Feudal Age
9:49 Loom
13:51 Castle Age
Nalgas Prietas
6:22 Loom
9:23 Feudal Age
11:30 Double-Bit Axe
13:53 Gold Mining
MERA_Varalaukar
6:12 Loom
9:27 Feudal Age
15:12 Forging
15:03 Scale Mail Armor
Connection lost

Rejoining the realm…

Still unreachable

The connection could not be restored.

Session expired

The server has moved on; the page needs a fresh start.